 Dungeon Crawl Stone Soup version 0.30.1-4-g462c640d31 (webtiles) character file.

Game seed: 5965132024375648357

500 Babbit the Chopper (level 6, -2/56 HPs)
             Began as a Minotaur Fighter on Aug 23, 2023.
             Slain by an iguana (11 damage)
             ... on level 4 of the Dungeon.
             The game lasted 00:10:59 (2331 turns).

Babbit the Chopper (Minotaur Fighter)               Turns: 2331, Time: 00:11:00

Health: -2/56      AC:  8    Str: 23    XL:     6   Next: 94%
Magic:  5/5        EV: 10    Int:  5    God:
Gold:   168        SH:  4    Dex:  9    Spells: 5/5 levels left

rFire   . . .        t - +1 mace (heavy)
rCold   . . .        c - +0 buckler
rNeg    + . .        p - +2 ring mail {rN+}
rPois   .            (helmet restricted)
rElec   .            (no cloak)
rCorr   .            (no gloves)
SInv    .            (no boots)
Will    .....        (no amulet)
Stlth   +            l - ring of flight
HPRegen 0.29/turn    (no ring)
MPRegen 0.09/turn

%: no passive effects
@: flying, hasted, very quick
A: horns 2, retaliatory headbutt
a: no special abilities


You were on level 4 of the Dungeon.
You visited 1 branch of the dungeon, and saw 4 of its levels.

You collected 168 gold pieces.

Inventory:

Hand Weapons
 a - a +0 war axe
 t - a +1 heavy mace (weapon)
 u - a +2 whip of flaming
Armour
 c - a +0 buckler (worn)
 p - a +2 ring mail of positive energy (worn)
Jewellery
 l - a ring of flight (left hand)
Wands
 w - a wand of roots (2)
Scrolls
 e - a scroll of identify
 g - a scroll of magic mapping
 i - 2 scrolls of fog
 j - a scroll of fear {unknown}
 o - a scroll of vulnerability {unknown}
 q - a scroll of butterflies {unknown}
 r - a scroll of silence {unknown}
 s - a scroll of blinking {unknown}
 v - a scroll of teleportation {unknown}
Potions
 b - 3 potions of mutation
 d - a potion of might
 f - 6 potions of curing
 h - 2 potions of resistance
 k - a potion of heal wounds {unknown}
 m - a potion of haste
 n - 2 potions of flight {unknown}


   Skills:
 + Level 5.0 Fighting
 + Level 6.2 Axes
 + Level 0.2(3.8) Maces & Flails
 + Level 5.3 Armour
 + Level 0.9 Dodging
 + Level 0.4 Stealth
 + Level 5.0 Shields


You had 5 spell levels left.
You didn't know any spells.
Your spell library contained the following spells:

 Spells                   Type           Power      Damage    Failure   Level
 Cigotuvi's Dreadful Rot  Necr/Pois/Air  0%         N/A       83%         2
 Ignite Poison            Fire/Tmut/Pois 0%         N/A       96%         3
 Freezing Cloud           Conj/Ice/Air   0%         6-21      100%        5


Dungeon Overview and Level Annotations

Branches:
Dungeon (4/15)
 Temple: D:4-7

Altars:
Dithmenos


Innate Abilities, Weirdness & Mutations

You have a pair of horns on your head.
You reflexively headbutt those who attack you in melee.


Message History

You completely miss the dart slug. You headbutt the dart slug.
The dart slug is heavily wounded.
The hobgoblin closely misses you. You furiously retaliate!
You headbutt the hobgoblin!
You kill the hobgoblin!
You block the dart slug's attack.
You sock the dart slug!
You kill the dart slug!
You block the iguana's attack.
You closely miss the iguana.
The iguana bites you but does no damage.
The iguana bites you!
You hit the iguana but do no damage. The iguana bites you!
The iguana bites you but does no damage.
You hit the iguana.
The iguana is lightly wounded.
You block the iguana's attack.
You barely miss the iguana.
The iguana is lightly wounded.
The iguana closely misses you. The iguana barely misses you.
You barely miss the iguana.
The iguana is lightly wounded.
The iguana bites you. x2
You hit the iguana but do no damage. Your headbutt misses the iguana.
The iguana is lightly wounded.
The iguana barely misses you. The iguana bites you.
You completely miss the iguana.
The iguana is lightly wounded.
The iguana bites you. The iguana closely misses you.
You closely miss the iguana.
The iguana is lightly wounded.
The iguana bites you!
* * * LOW HITPOINT WARNING * * *
You feel yourself speed up. You block the iguana's attack.
You sock the iguana!
The iguana is almost dead.
The iguana bites you.
* * * LOW HITPOINT WARNING * * *
The iguana bites you!
You die...

.. +........
.....######.......#####
. ....+.................
......#.................
........###############.
....#..$#8~#.......#P8#.
......#P.#≈≈≈≈≈≈≈#.P#.
#..†#..#..~~~..#..#.
#..@#©.'..~⌠~..'.©#©
#..l#..#..P~~..#..#.
#.#.#P.#≈≈≈≈≈≈≈#.P#.
#.#.#8P#....).)#P8#. #
#.###############.
#..............)..
............#######
###########.# ....


You could see an iguana.

Vanquished Creatures
  A black bear (D:4)
  A kobold brigand (D:4)
  A hound (D:4)
  4 orc priests (D:4)
  An iguana (D:4)
  An orc wizard (D:4)
  4 adders (D:2)
  2 shadow imps (D:4)
  An ufetubus (D:4)
  2 worms
  3 dart slugs
  6 orcs (D:4)
  5 bats
  7 endoplasms
  2 giant cockroaches
  3 goblins (D:1)
  6 hobgoblins
  2 jackals (D:1)
  2 quokkas (D:2)
  6 ball pythons
  5 frilled lizards
  4 kobolds
  8 rats
77 creatures vanquished.

Notes
Turn   | Place    | Note
-------+----------+-------------------------------------------
     0 | D:1      | Babbit the Minotaur Fighter began the quest for the Orb.
     0 | D:1      | Reached XP level 1. HP: 19/19 MP: 0/0
    77 | D:1      | Reached XP level 2. HP: 22/27 MP: 1/1
   665 | D:2      | Reached XP level 3. HP: 33/33 MP: 2/2
   790 | D:2      | Found a shadowy altar of Dithmenos.
  1016 | D:2      | Reached skill level 3 in Axes
  1024 | D:2      | Identified the +3 dagger "Imuybb" {pain, rN+}
  1208 | D:2      | Reached XP level 4. HP: 41/41 MP: 3/3
  1851 | D:4      | Reached skill level 4 in Axes
  1851 | D:4      | Reached XP level 5. HP: 47/47 MP: 4/4
  1946 | D:4      | Noticed a black bear
  1954 | D:4      | Killed a black bear
  1955 | D:4      | Reached skill level 5 in Axes
  1955 | D:4      | Reached skill level 5 in Armour
  1955 | D:4      | Reached XP level 6. HP: 40/53 MP: 5/5
  2122 | D:4      | Found a transporter.
  2166 | D:4      | Reached skill level 6 in Axes
  2297 | D:4      | Found a transporter.
  2320 | D:4      | Reached skill level 5 in Fighting
  2320 | D:4      | Reached skill level 5 in Shields
  2331 | D:4      | Slain by an iguana

Illustrated notes

Levels and vault maps discovered:
D:1:      lemuel_arrival_rhombus, layout_basic, hex_tiny
D:2:      layout_loops_corners, basic_altar
D:3:      layout_rooms
D:4:      gammafunk_wand_slinger, layout_basic, kiku_gazebo_pond_becter,
          minmay_temple_entry_nine_rooms

Skill      XL: |  1  2  3  4  5  6 |
---------------+-------------------+-----
Shields        | 4 5 |  5.0
Fighting       | 4 5 |  5.0
Armour         | 4 5 |  5.3
Axes           | 3 4 5 6 |  6.2
Maces & Flails | |  0.2
Dodging        | |  0.9
Stealth        | |  0.4

Action                     |  1- 3 |  4- 6 || total
---------------------------+-------+-------++-------
  Melee: War axe           |    60 |    74 ||   134
         Headbutt          |    12 |    20 ||    32
         Mace              |       |    25 ||    25
    Use: Scroll            |     2 |     5 ||     7
         Potion            |       |     1 ||     1
 Armour: Scale mail        |    17 |       ||    17
         Ring mail         |     6 |    50 ||    56
  Dodge: Dodged            |    29 |    51 ||    80
  Block: Buckler           |     9 |    21 ||    30
